 Dungeon Crawl Stone Soup version 0.23.0 (webtiles) character file.

Game seed: 17835120690531181966

98 Inarius the Skirmisher (level 4, -9/37 HPs)
             Began as a Demonspawn Wanderer on Feb 13, 2019.
             Killed by nerve-wracking pain
             ... invoked by Grinder
              (13 damage)
             ... on level 3 of the Dungeon.
             The game lasted 00:04:04 (2566 turns).

Inarius the Skirmisher (Demonspawn Wanderer)        Turns: 2566, Time: 00:04:05

Health: -9/37      AC:  5    Str: 15 (16) XL:     4   Next: 44%
Magic:  4/4        EV:  7    Int: 15 (18) God:
Gold:   88         SH:  6    Dex:  8 (10) Spells: 3/3 levels left

rFire    + . .     SeeInvis .   a - +0 dagger
rCold    + . .     Gourm    .   l - +0 shield
rNeg     . . .     Faith    .   c - +0 ring mail
rPois    +         Spirit   .   (no helmet)
rElec    +         Reflect  .   (no cloak)
rCorr    +         Harm     .   (no gloves)
MR       .....                  (no boots)
Stlth    +++.......             (no amulet)
HPRegen  0.12/turn              (no ring)
MPRegen  0.09/turn              (no ring)

@: brilliant, resistant, flying
A: nightstalker 2
a: no special abilities


You were on level 3 of the Dungeon.
You were not hungry.

You visited 1 branch of the dungeon, and saw 3 of its levels.

You collected 88 gold pieces.

Inventory:

Hand Weapons
 a - a +0 dagger (weapon)
 b - a +2 blowgun
Missiles
 e - 3 curare-tipped needles
 g - 37 poisoned needles
 s - 2 needles of sleeping
Armour
 c - a +0 ring mail (worn)
 l - a +0 shield (worn)
Jewellery
 j - an uncursed ring of ice {unknown}
Wands
 v - a wand of digging (6)
Scrolls
 n - 5 scrolls of identify {unknown}
 q - a scroll of enchant weapon {unknown}
 u - a scroll of amnesia {unknown}
Potions
 k - a potion of degeneration
 p - a potion of might {unknown}
Comestibles
 f - 9 rations
 t - a chunk of flesh


   Skills:
 + Level 3.8 Fighting
 + Level 1.4 Short Blades
   Level 1.0 Axes
 + Level 1.0 Throwing
 + Level 1.6 Armour
 + Level 1.0 Dodging
 + Level 3.5 Stealth
 + Level 0.3 Shields


You had 3 spell levels left.
You didn't know any spells.
Your spell library was empty.

Dungeon Overview and Level Annotations

Branches:
Dungeon (3/15)

Altars:
Cheibriados
Elyvilon
Nemelex Xobeh
Qazlal

Annotations:
D:3 Grinder


Innate Abilities, Weirdness & Mutations

You are significantly more attuned to the shadows.


Message History

You closely miss the giant cockroach. The giant cockroach barely misses you.
The giant cockroach bites you but does no damage.
You see here a goblin corpse.
It was a potion of magic.
Magic courses through your body. The giant cockroach closely misses you.
Grinder gestures at you. Pain shoots through your body!
You block the giant cockroach's attack.
You barely miss Grinder.
Grinder is moderately wounded.
Grinder hits you.
* * * LOW HITPOINT WARNING * * *
You writhe in agony.
* * * LOW HITPOINT WARNING * * *
The giant cockroach bites you but does no damage.
It was a potion of flight.
You feel very buoyant.
You fly up into the air.
Grinder gestures at you. Pain shoots through your body!
You die...

#.....##.....
######.....#
###.#
...........#
..(........#
.......(...# ..
...........# ...
...........##...
................
......5@s.....#
..........)...#
######........#
#).......#
#........#
##########


You could see Grinder and a giant cockroach.

Vanquished Creatures
  Jessica (D:3)
  A gnoll (D:1)
  An adder (D:2)
  An ooze (D:1)
  A worm (D:2)
  2 dart slugs
  A leopard gecko (D:3)
  2 orcs (D:3)
  A giant cockroach (D:2)
  7 goblins
  4 hobgoblins
  3 jackals (D:3)
  3 kobolds
  2 quokkas
  2 ball pythons (D:2)
  2 bats
  2 frilled lizards
  2 rats (D:1)
38 creatures vanquished.

Notes
Turn   | Place    | Note
-------+----------+-------------------------------------------
     0 | D:1      | Inarius the Demonspawn Wanderer began the quest for the
                  | Orb.
     0 | D:1      | Inarius set off with the following items: 3 curare-tipped
                  | needles, a +2 blowgun, a +0 ring mail, a potion of
                  | lignification, a +0 dagger, a ration
     0 | D:1      | Reached XP level 1. HP: 18/18 MP: 1/1
   115 | D:1      | Gained mutation: You are slightly more attuned to the
                  | shadows. [demonic ancestry]
   115 | D:1      | Reached XP level 2. HP: 23/24 MP: 2/2
   832 | D:1      | Reached XP level 3. HP: 30/30 MP: 3/3
  1069 | D:2      | Found a white marble altar of Elyvilon.
  1071 | D:2      | Found a stormy altar of Qazlal.
  1084 | D:2      | Found a snail-covered altar of Cheibriados.
  2051 | D:3      | Found a sparkling altar of Nemelex Xobeh.
  2180 | D:3      | Noticed Jessica
  2206 | D:3      | Killed Jessica
  2206 | D:3      | Gained mutation: You are significantly more attuned to the
                  | shadows. [demonic ancestry]
  2206 | D:3      | Reached XP level 4. HP: 22/37 MP: 4/4
  2516 | D:3      | Noticed Grinder
  2518 | D:3      | Reached skill level 1 in Dodging
  2541 | D:3      | Paralysed by Grinder for 5 turns
  2566 | D:3      | Killed from afar by Grinder

Skill      XL: |  1  2  3  4 |
---------------+-------------+-----
Stealth        | 3 |  3.5
Dodging        | 1 |  1.0
Fighting       | |  3.8
Short Blades   | |  1.4
Axes           | |  1.0
Throwing       | |  1.0
Armour         | |  1.6
Shields        | |  0.3

Action                   |  1- 3 |  4- 6 || total
-------------------------+-------+-------++-------
Melee: Dagger            |   148 |    51 ||   199
 Fire: Blowgun           |     2 |       ||     2
  Use: Potion            |       |     6 ||     6
       Scroll            |       |     1 ||     1
 Stab: Sleeping          |    10 |       ||    10
       Distracted        |       |     1 ||     1
  Eat: Chunk             |     4 |     1 ||     5
Armor: Ring mail         |    51 |    20 ||    71
       Skin              |       |    45 ||    45
Dodge: Dodged            |    63 |    32 ||    95
Block: Shield            |    29 |    31 ||    60
